 Dungeon Sprint DCSS version 0.22.1-1-ga44c0e56f4 (webtiles) character file.

2940 MuseOD the Covert (level 9, -2/55 (56) HPs)
             Began as a Spriggan Enchanter on Sept 30, 2018.
             Was an Elder of Dithmenos.
             Slain by Donald
             ... wielding a +2 war axe of holy wrath
              (20 damage)
             ... in the Dungeon (Sprint III: "The Ten Rune Challenge").
             The game lasted 00:03:38 (1274 turns).

MuseOD the Covert (Spriggan Enchanter)              Turns: 1274, Time: 00:03:38

HP:   -2/55 (56)    AC:  2    Str:  4    XL:     9   Next: 51%
MP:   7/23          EV: 18    Int: 19    God:    Dithmenos [****..]
Gold: 46            SH:  0    Dex: 17    Spells: 15/27 levels left

rFire    . . .     SeeInvis +   a - +1 dagger
rCold    . . .     Gourm    .   (shield restricted)
rNeg     . . .     Faith    .   b - +0 robe
rPois    .         Spirit   .   (helmet restricted)
rElec    .         Reflect  .   (no cloak)
rCorr    .         Harm     .   (gloves unavailable)
MR       +....     NoTele   +   (boots unavailable)
Stlth    +++++++++.             (no amulet)
HPRegen  0.18/turn              (no ring)
MPRegen  0.18/turn              (no ring)

@: lethally poisoned (-2 -> -25), slowed, wreathed by umbra, quick
A: very small, unfitting armour, claws 1, horns 1, see invisible, herbivore,
speed 3, robust 1, slow metabolism 2
a: Shadow Step, Renounce Religion


You were in the Dungeon.
You worshipped Dithmenos.
Dithmenos was greatly pleased with you.
You were not hungry.

You visited 1 branch You collected 46 gold pieces.

Inventory:

Hand Weapons
 a - a +1 dagger (weapon)
Armour
 b - a +0 robe (worn)
Scrolls
 c - 2 scrolls of immolation {unknown}
 j - a scroll of blinking
 k - 2 scrolls of identify
 l - 4 scrolls of remove curse
 m - a scroll of magic mapping {unknown}
Potions
 e - 2 potions of curing
 f - a potion of heal wounds
 g - a potion of haste
 h - 2 potions of magic
 i - 2 potions of berserk rage
 n - a potion of degeneration {unknown}
 o - 4 potions of mutation
 p - a potion of might
Comestibles
 d - 4 rations


   Skills:
 + Level 8.0 Fighting
 * Level 14.2 Short Blades
 - Level 3.0 Dodging
 + Level 14.8 Stealth
 + Level 9.9 Spellcasting
 + Level 10.4 Hexes


You had 15 spell levels left.
You knew the following spells:

 Your Spells              Type           Power        Failure   Level  Hunger
a - Corona                Hex            #####..      1%          1    None
b - Ensorcelled Hibernat  Hex/Ice        ####..       1%          2    None
c - Confuse               Hex            #####...     1%          3    None
d - Dazzling Spray        Conj/Hex       ####..       2%          3    None
e - Tukima's Dance        Hex            #####...     1%          3    None

Your spell library contained the following spells:

 Spells                   Type           Power        Failure   Level  Hunger
 Confusing Touch          Hex            #####.       1%          1    None
 Animate Skeleton         Necr           N/A          8%          1    None
 Apportation              Tloc           #.....       8%          1    None
 Summon Small Mammal      Summ           #...         8%          1    None


Dungeon Overview and Level Annotations

Branches:
Dungeon (1/1)

Altars:
Dithmenos
Elyvilon
Kikubaaqudgha
Okawaru
Ru
Sif Muna
Trog
Uskayaw
Vehumet
Wu Jian
Yredelemnul
Zin
The Shining One
Beogh

Annotations:
D Donald, Frances


Innate Abilities, Weirdness & Mutations

You are very small and have problems with some larger weapons.
You are too small for most types of armour.
You have supernaturally acute eyesight. (SInv)
You are a herbivore.
You cover ground extremely quickly.
You need to consume almost no food.
You have sharp fingernails.
You have a pair of small horns on your head.
You are robust. (+10% HP)


Message History

Items here: ! ) [ † a giant club; a glowing robe; a lumpy inky potion; the ogre corpse of Erolcha There's a creature in the doorway!
Casting: Dazzling Spray (safe; 2% risk of failure)
Confirm with . or Enter, or press ? or * to list all spells.
Aiming: Confuse (safe; 1% risk of failure)
Press: ? - help, Shift-Dir - straight line, f/p - Donald
Aim: Donald, wielding a war axe of holy wrath, wearing a scale mail and wearing
Okay, then.
Casting: Confuse (safe; 1% risk of failure)
Confirm with . or Enter, or press ? or * to list all spells.
Aiming: Dazzling Spray (safe; 2% risk of failure)
Press: ? - help, Shift-Dir - straight line, f/p - Donald
Aim: Donald, wielding a war axe of holy wrath, wearing a scale mail and wearing The spray of energy hits Donald.
Donald is lightly wounded.
You feel very sick.
A large net falls down onto Frances!
Frances is caught in the net!
Donald hits you with a war axe of holy wrath!!
You die...

#'## ...# ...# ##'#
...#+#####################
...#....#.#.#.....#......+
...##.#..#.##.###.#^.....#
...'##)#.#.##.#)(##......#
...#..)#).#..##.@@.^..3..#
▓▓▓▓▓▓▓▓▓▓▓▓▓▓▓▓▓#(@.....#
#.......# +(......#
#(4.....# ##'###### #...'
#...#.≈ #...# #≈≈


You could see Frances (caught), Donald and a sun demon (caught).

Vanquished Creatures
  Erolcha (D)
  A deep elf mage (D)
  2 redbacks (D)
  A shadow (D)
  A necrophage (D)
  5 two-headed ogres (D)
  A water elemental (D)
  A scorpion (D)
  A jelly (D)
  Jessica (D)
  A wizard (D)
  A necromancer (D)
  3 humans (D)
  A kobold demonologist (D)
  2 oozes (D)
  A rat (D)
24 creatures vanquished.

Vanquished Creatures (others)
  2 draconian scorchers (D)
  6 hellions (D)
  2 yaktaurs (D)
10 creatures vanquished.

Grand Total: 34 creatures vanquished

Notes
Turn   | Place    | Note
-------+----------+-------------------------------------------
     0 | D        | MuseOD the Spriggan Enchanter began the quest for the Orb.
     0 | D        | Reached XP level 1. HP: 9/9 MP: 5/5
    15 | D        | Reached skill level 1 in Fighting
    15 | D        | Reached skill level 5 in Stealth
    24 | D        | Reached XP level 2. HP: 8/14 MP: 6/6
    28 | D        | Learned a level 2 spell: Ensorcelled Hibernation
    56 | D        | Killed a yaktaur
    72 | D        | Killed a hellion
    83 | D        | Killed a hellion
   116 | D        | Killed a hellion
   128 | D        | Killed a hellion
   162 | D        | Killed a hellion
   199 | D        | Noticed Jessica
   201 | D        | Killed Jessica
   201 | D        | Reached XP level 3. HP: 19/19 MP: 8/8
   230 | D        | Learned a level 3 spell: Confuse
   241 | D        | Reached skill level 5 in Short Blades
   245 | D        | Killed a hellion
   306 | D        | Noticed a scorpion
   309 | D        | Killed a white draconian scorcher
   323 | D        | Killed a white draconian scorcher
   403 | D        | Killed a scorpion
   403 | D        | Reached XP level 4. HP: 20/24 MP: 0/9
   425 | D        | Gained mutation: You have sharp fingernails. [potion of
                  | mutation]
   425 | D        | Gained mutation: Your spells are a little easier to cast,
                  | but a little less powerful. [potion of mutation]
   425 | D        | Gained mutation: You have an increased reservoir of magic.
                  | (+10% MP) [potion of mutation]
   426 | D        | Lost mutation: Your spells are a little easier to cast, but
                  | a little less powerful. [potion of mutation]
   426 | D        | Lost mutation: You have an increased reservoir of magic.
                  | (+10% MP) [potion of mutation]
   426 | D        | Gained mutation: You are robust. (+10% HP) [potion of
                  | mutation]
   426 | D        | Gained mutation: You have a pair of small horns on your
                  | head. [potion of mutation]
   444 | D        | Noticed a water elemental
   447 | D        | Killed a water elemental
   447 | D        | Reached XP level 5. HP: 28/31 MP: 4/10
   452 | D        | Learned a level 3 spell: Dazzling Spray
   500 | D        | Found a basalt altar of Yredelemnul.
   500 | D        | Found a shadowy altar of Dithmenos.
   500 | D        | Found a sacrificial altar of Ru.
   500 | D        | Noticed a necrophage
   687 | D        | Killed a necrophage
   687 | D        | Reached skill level 10 in Stealth
   687 | D        | Reached XP level 6. HP: 36/36 MP: 1/13
   692 | D        | Learned a level 3 spell: Tukima's Dance
   804 | D        | Became a worshipper of Dithmenos the Shadowed
   810 | D        | Found a hide-covered altar of Uskayaw.
   810 | D        | Found an iron altar of Okawaru.
   811 | D        | Found a roughly hewn altar of Beogh.
   811 | D        | Found a bloodstained altar of Trog.
   811 | D        | Found an ornate altar of the Wu Jian Council.
   811 | D        | Noticed a human
   811 | D        | Noticed a human
   813 | D        | Killed a human
   813 | D        | Reached skill level 5 in Fighting
   813 | D        | Reached skill level 10 in Short Blades
   813 | D        | Reached skill level 5 in Spellcasting
   814 | D        | Killed a human
   814 | D        | Reached XP level 7. HP: 41/41 MP: 13/16
   832 | D        | Killed a yaktaur
   837 | D        | Found a glowing silver altar of Zin.
   837 | D        | Found a glowing golden altar of the Shining One.
   837 | D        | Found a white marble altar of Elyvilon.
   838 | D        | Noticed a deep elf mage
   846 | D        | Killed a deep elf mage
   846 | D        | Reached * piety under Dithmenos
   876 | D        | Found a radiant altar of Vehumet.
   877 | D        | Found a deep blue altar of Sif Muna.
   877 | D        | Found an ancient bone altar of Kikubaaqudgha.
   878 | D        | Reached XP level 8. HP: 48/48 MP: 19/19
   898 | D        | Reached ** piety under Dithmenos
   923 | D        | Reached *** piety under Dithmenos
  1069 | D        | Noticed a two-headed ogre
  1094 | D        | Killed a two-headed ogre
  1197 | D        | Noticed a two-headed ogre
  1197 | D        | Noticed Erolcha
  1199 | D        | Killed Erolcha
  1199 | D        | Reached XP level 9. HP: 55/55 MP: 21/23
  1200 | D        | Killed a two-headed ogre
  1200 | D        | Reached skill level 10 in Hexes
  1205 | D        | Reached **** piety under Dithmenos
  1250 | D        | Noticed Frances
  1251 | D        | Noticed Donald
  1256 | D        | Noticed a sun demon
  1256 | D        | Noticed an ice devil
  1274 | D        | Slain by Donald

Skill      XL: |  1  2  3  4  5  6  7  8  9 |
---------------+----------------------------+-----
Fighting       | 1 2 3 4 5 6 7 8 |  8.0
Short Blades   | 3 4 6 8 9 10 11 13 14 | 14.2
Stealth        | 5 6 8 9 10 11 12 14 | 14.8
Spellcasting   | 4 5 7 9 |  9.9
Hexes          | 4 6 7 9 10 | 10.4
Dodging        | |  3.0

Action                   |  1- 3 |  4- 6 |  7- 9 || total
-------------------------+-------+-------+-------++-------
Melee: Dagger            |    37 |     8 |    25 ||    70
       Headbutt          |       |     1 |     1 ||     2
 Cast: Ensorcelled Hiber |     4 |       |     4 ||     8
       Confuse           |     3 |     9 |    13 ||    25
       Dazzling Spray    |       |       |     3 ||     3
Invok: Shadow Step       |       |       |     1 ||     1
  Use: Potion            |       |     2 |       ||     2
 Stab: Sleeping          |     2 |     4 |     8 ||    14
       Confused          |     2 |     1 |     7 ||    10
Armor: Robe              |     5 |       |     1 ||     6
Dodge: Dodged            |    19 |     7 |    18 ||    44
